r e k t, neutral male scurrid Tourist }}}}}}}}}}}}}}}}}}}}}}}}}}}}}}}}}}}}}}}}}}}}}}}}}}}}}}}}}}}}}}}}}}}}}}}}}}} }}}}}}}}}}}}}}}}}}}}}}}}}}}}}}}}}}}}}}}}}}}}}}}}}}}}}}}}}}}}}}}}}}}}}}}}}}} }}}}}}}}}.}}}}}}.dj.`}}}}}}}}}}}}}}}}}}}}}}}}}}}}}}}}}}}}}}}}}}}}}}}}}}}}}} }};}}}}....}}}}}..`.}}}}}}}}}}}}}}}}}}}}}}}}}}}}}}}}}}}}}}}}..t......[..}}} }..}@}}}}}}}...dd..}}}..}}}}}}}}}}}}}}}}}}}}}}}}T}}}}}}}}}u}}}}...}}}}}..}} }...}}}}}}}}}}...d}}}}..}}}}}}}}.}}.......}}}}}}}}}}}}}}}}}}}}}}'..}}}}..}} }...}}}}}}}}}}}}}}}}}}}}}}}}}?----------------- }}}}}.......}} }...}}}}}}}}}}}}}}}}}}}(}}}}}.| }....}}}}}...}}}}}}}}}}}}}}...- }.....}}}}}.}}}}}}}}}}}}}}}....... }....}}}}}}}}}}}}}}}}}}}}}}...n...| }.`..%}}}}}}}}}}}}}}}}}}}}}...----- }.....}}}}}}}}}}}}}}}}}}}}}}}.| }....*.}}}}}}}}}}}}}}}}}}}}}}}- }....<..}}}}}}}...}}}}}}}}}}}}}} }.....}}}}}}}}}}....`}}}}}}}}}}}}}} }}`.}}}}}}}}}}}}}....}}}}}}}}}}}}}}}}} }} }}}}}}}}}}}}}}....}}}}}}}}}}}}}}}}}}} }} }}}}}}}}}}}}}}}}}}}}}}}}}}}}}}}}}}}}}}}} }} }}}}}}}}}}}}}}}}}}}}}}}}}}}}}}}}}}}}}}}}}}} r e k t the Rambler Experience level: 1 Strength: 11 Dexterity: 10 Constitution: 13 Intelligence: 13 Wisdom: 10 Charisma: 16 Health: 9(9) Energy: 2(2) Def: 0 Gold: 637 Moves: 58 Dungeon seed: dtQowMI9dzM4mF6h Game ID: r e k t_1498626468 Your Inventory: Coins $ - 637 gold pieces Weapons a - 40 uncursed rusty +2 darts (in quiver) Armor e - an uncursed +0 Hawaiian shirt (being worn) Comestibles b - 2 uncursed chestnuts c - 2 uncursed candy bars d - an uncursed egg f - 4 uncursed food rations g - an uncursed fortune cookie h - 2 uncursed pancakes Scrolls j - 4 uncursed scrolls of blank paper Potions i - 2 uncursed diluted potions of extra healing Wands m - an uncursed wand of secret door detection (0:11) Tools k - an uncursed expensive camera (0:35) l - an uncursed credit card n - an uncursed oil lamp (0:1069) Spells and supernatural/magical abilities: Name Level Category Fail Memory W - pray for help -- divine ? -- Your skills at the end: Miscellaneous Skills wands [Basic] Weapon Skills dart [Basic] Spellcasting Skills Final Attributes: You were devoutly aligned. You had infravision. You were very stealthy. You survived. Voluntary challenges: You went without food. You did not adorn yourself with jewelry or accessories. You did not cause conflict. You were not invisible. You did not have reflection. You were not displaced. You were an atheist. You never hit with a wielded weapon. You were a pacifist. You did not use tools. You did not use plumbed fixtures. You did not drink any magical draughts. You were illiterate. You never genocided any monsters. You never polymorphed an object. You never changed form. You used no wishes. You never split a pudding. You never wrote Elbereth's name. You never violated your personal moral code. Dungeon overview: The Dungeons of Doom: levels 1 to 24 Level 1 a long staircase Level 2 a fountain Level 3 a weapon shop Level 4 Level 5 many fountains Level 6 Level 7 Level 8 a fountain Level 9 Level 10 Level 11 Level 12 Level 13 a sink Level 14 Level 15 Level 16 Level 17 Level 18 Level 19 Level 20 Level 21 Level 22 Level 23 Level 24 <- You were here History has recorded: On T:1 you entered the Dungeons of Doom to retrieve the Amulet of Yendor! On T:4 you reached level 2 of The Dungeons of Doom. On T:6 you reached level 3 of The Dungeons of Doom. On T:8 you reached level 4 of The Dungeons of Doom. On T:10 you reached level 5 of The Dungeons of Doom. On T:13 you reached level 6 of The Dungeons of Doom. On T:15 you reached level 7 of The Dungeons of Doom. On T:17 you reached level 8 of The Dungeons of Doom. On T:19 you reached level 9 of The Dungeons of Doom. On T:22 you reached level 10 of The Dungeons of Doom. On T:25 you reached level 11 of The Dungeons of Doom. On T:28 you reached level 12 of The Dungeons of Doom. On T:30 you reached level 13 of The Dungeons of Doom. On T:32 you reached level 14 of The Dungeons of Doom. On T:34 you reached level 15 of The Dungeons of Doom. On T:37 you reached level 16 of The Dungeons of Doom. On T:39 you reached level 17 of The Dungeons of Doom. On T:41 you reached level 18 of The Dungeons of Doom. On T:41 you entered the Rogue tribute level. On T:43 you reached level 19 of The Dungeons of Doom. On T:47 you reached level 20 of The Dungeons of Doom. On T:49 you reached level 21 of The Dungeons of Doom. On T:52 you reached level 22 of The Dungeons of Doom. On T:54 you reached level 23 of The Dungeons of Doom. On T:56 you reached level 24 of The Dungeons of Doom. Score breakdown: Gold: 0 ( 0 points) Experience: 1 level ( 0 points) Exploration: 24 levels ( 690 points) Discoveries: 2 items ( 100 points) Variety of kills: 0 monsters ( 0 points) Major goal: (nothing yet) ( 0 points) Survival: quit (score multiplied by 3) Total score: 2370 Latest messages: You start digging downward. You continue digging downward. You dig a pit in the floor. You continue digging downward. You dig a hole through the floor. You fall through... You start digging downward. You continue digging downward. You dig a pit in the floor. You continue digging downward. You dig a hole through the floor. You fall through... You start digging downward. You continue digging downward. As you dig, the hole fills with water! You fall into the water! You sink like a rock. Your darts rust! You try to crawl out of the water. Pheew! That was close. The winter wolf cub breathes frost! The moat is bridged with ice! That command is only available in debug mode. Final status: Aloha r e k t the Tourist, quit... You quit in The Dungeons of Doom on dungeon level 24 with 2370 points, and 637 pieces of gold, after 58 moves. You were level 1 with a maximum of 9 hit points when you quit.